[Event "Titled Tuesday Blitz October 11 Early 2022"]
[White "Urbina Perez, Juan Antonio"]
[Black "Samaganova, Aleksandra"]
[WhiteFideId "2217368"]
[BlackFideId "13800221"]
[WhiteElo "2197"]
[BlackElo "1864"]
[Result "1-0"]
[Round "10"]
[TimeControl "180+1"]
[Date "2022.10.12"]
[WhiteClock "0:00:19"]
[BlackClock "0:00:04"]

1. e4 c5 2. Nf3 e6 3. b3 Nf6 4. e5 Nd5 5. c4 Nc7 6. Bb2 Be7 7. d4 cxd4 8. Nxd4 O-O 9. Be2 d5 10. exd6 Bxd6 11. O-O e5 12. Nf3 f6 13. Nc3 Bg4 14. h3 Bh5 15. Qc2 Bg6 16. Bd3 Bxd3 17. Qxd3 Nc6 18. Rfd1 Bc5 19. Qf5 Qc8 20. Qxc8 Raxc8 21. Rd7 Nd4 22. Nxd4 Bxd4 23. Na4 Rfd8 24. Rxd8+ Rxd8 25. Rb1 Ne6 26. Bxd4 Rxd4 27. Kf1 Rd2 28. Rb2 Rd7 29. g3 Ng5 30. h4 Nf3 31. Nc3 Kf7 32. Nd5 Ke6 33. Kg2 Nd4 34. Rd2 b5 35. f4 bxc4 36. bxc4 Rb7 37. fxe5 fxe5 38. h5 h6 39. Rf2 Rb1 40. Nc7+ Ke7 41. Nd5+ Ke6 42. Nc3 Rc1 43. Nb5 Rxc4 44. Nxa7 Ra4 45. Nc8 Rc4 46. Nb6 Rc1 47. Na4 Ra1 48. Nc5+ Kd5 49. Nb3 Ke4 50. Nxa1 1-0


[Site "https://www.chess.com"]

[Event "Titled Tuesday Blitz October 11 Early 2022"]
[White "Vachylia, Andrii"]
[Black "Kovalenko, Igor"]
[WhiteFideId "14137224"]
[BlackFideId "14117908"]
[WhiteElo "2318"]
[BlackElo "2574"]
[Result "1/2-1/2"]
[Round "10"]
[TimeControl "180+1"]
[Date "2022.10.11"]
[WhiteClock "0:00:11"]
[BlackClock "0:00:12"]

1. e4 c5 2. Nf3 e6 3. d4 cxd4 4. Nxd4 a6 5. Bd3 Bc5 6. Nb3 Ba7 7. O-O Nc6 8. Qe2 Nge7 9. Be3 O-O 10. Bxa7 Rxa7 11. N1d2 a5 12. a4 Nb4 13. c3 Nxd3 14. Qxd3 b6 15. Rfd1 Ba6 16. Qe3 d5 17. Nxa5 d4 18. cxd4 bxa5 19. Nb3 Qb6 20. Nc5 Nc6 21. Rac1 Nb4 22. d5 exd5 23. exd5 Bc8 24. d6 Bd7 25. Nxd7 Qxe3 26. Nxf8 Qe2 27. d7 Rxd7 28. Nxd7 h5 29. Re1 Qxb2 30. Rcd1 Qa2 31. Nc5 Kh7 32. h3 Qc4 33. Ne4 Qc2 34. Ng5+ Kg6 35. Nf3 f6 36. Rd7 Nd3 37. Ree7 Qxf2+ 38. Kh2 Nf4 39. Rxg7+ Kh6 40. Rh7+ Kg6 41. Rhg7+ Kh6 42. Rh7+ Kg6 43. Rhg7+ 1/2-1/2


[Site "https://www.chess.com"]

[Event "Titled Tuesday Blitz October 11 Early 2022"]
[White "Vignesh, N R"]
[Black "Donchenko, Alexander"]
[WhiteFideId "25012215"]
[BlackFideId "24603295"]
[WhiteElo "2386"]
[BlackElo "2572"]
[Result "0-1"]
[Round "10"]
[TimeControl "180+1"]
[Date "2022.10.11"]
[WhiteClock "0:00:20"]
[BlackClock "0:01:05"]

1. e4 c6 2. d4 d5 3. e5 Bf5 4. Nd2 e6 5. Nb3 a6 6. Nf3 Nd7 7. Be2 c5 8. dxc5 Bxc5 9. Nxc5 Nxc5 10. Nd4 Ne7 11. Be3 Rc8 12. O-O O-O 13. a4 h6 14. c3 Bh7 15. a5 Nd7 16. f4 Nf5 17. Nxf5 Bxf5 18. Qb3 Qc7 19. Bd4 Nc5 20. Qa3 Rfd8 21. b4 Ne4 22. Rfc1 Nd2 23. Bb6 Qe7 24. Bxd8 Qxd8 25. Qb2 Ne4 26. Bd3 Nd6 27. Bxf5 Nxf5 28. b5 Qh4 29. g3 Qg4 30. bxa6 bxa6 31. Qf2 h5 32. Kg2 Rc4 33. h3 Qg6 34. Kh2 h4 35. g4 Ng3 36. Rab1 Ra4 37. Rb8+ Kh7 38. Qc2 Re4 39. Rb2 Re2+ 40. Qxe2 Nxe2 41. Rxe2 Qd3 42. Rg2 Qe3 43. Rf1 Qxc3 44. g5 Qxa5 45. Rg4 Qd2+ 46. Kh1 Kg6 47. Rxh4 Qe2 48. Kg1 d4 49. Rg4 d3 50. Rg2 Qe3+ 51. Kh2 a5 52. Rff2 a4 53. Kg1 d2 0-1


[Site "https://www.chess.com"]

[Event "Titled Tuesday Blitz October 11 Early 2022"]
[White "Vokhidov, Shamsiddin"]
[Black "Shuvalova, Polina"]
[WhiteFideId "14204223"]
[BlackFideId "24171760"]
[WhiteElo "2619"]
[BlackElo "2392"]
[Result "0-1"]
[Round "10"]
[TimeControl "180+1"]
[Date "2022.10.11"]
[WhiteClock "0:00:04"]
[BlackClock "0:00:33"]

1. e4 c5 2. Nf3 Nc6 3. Bb5 e6 4. O-O Nge7 5. Re1 a6 6. Bf1 d5 7. d3 d4 8. e5 Ng6 9. g3 Qc7 10. Nbd2 Ngxe5 11. Nxe5 Nxe5 12. Qh5 Ng6 13. Bg2 Be7 14. Ne4 O-O 15. h4 f6 16. f4 Bd7 17. Qf3 Nh8 18. Nf2 Rab8 19. Bd2 Nf7 20. Qe2 Rfe8 21. c3 Bf8 22. cxd4 cxd4 23. Rac1 Qb6 24. b4 e5 25. Bd5 Be6 26. Qf3 Qd6 27. Bxe6 Qxe6 28. Rc2 Rbc8 29. f5 Qd7 30. Rec1 Rxc2 31. Rxc2 Rc8 32. Rxc8 Qxc8 33. Kg2 Qc6 34. Qxc6 bxc6 35. Ne4 Nd6 36. Nc5 Nxf5 37. Nxa6 Bd6 38. a4 Kf7 39. b5 cxb5 40. axb5 Ne7 41. b6 Nc6 42. b7 Ke6 43. Kf3 Nb8 44. Nxb8 Bxb8 45. Bb4 g6 46. g4 f5 47. h5 Kd5 48. hxg6 hxg6 49. gxf5 gxf5 50. Be7 Kc6 51. Ke2 Kxb7 52. Kf3 Kc6 53. Bf6 Kd5 54. Bg7 Bd6 55. Bf6 e4+ 56. Ke2 Be5 57. Bg5 Kc5 58. Bd2 Kb5 59. Bc1 Ka4 60. Kd2 Kb3 61. Ke2 Kc2 0-1


[Site "https://www.chess.com"]

[Event "Titled Tuesday Blitz October 11 Early 2022"]
[White "Wartiovaara, Oliver"]
[Black "Dilmukhametov, Artur"]
[WhiteFideId "513024"]
[BlackFideId "24179922"]
[WhiteElo "2197"]
[BlackElo "2197"]
[Result "1-0"]
[Round "10"]
[TimeControl "180+1"]
[Date "2022.10.12"]
[WhiteClock "0:02:19"]
[BlackClock "0:01:51"]

1. d4 Nf6 2. b3 g6 3. Bb2 Bg7 4. Nf3 O-O 5. e3 d6 6. Nbd2 Nbd7 7. Be2 c5 8. c4 cxd4 9. Nxd4 b6 10. Bf3 Rb8 11. Nc6 Qc7 12. Nxe7+ Kh8 13. Nxc8 Rbxc8 14. O-O Rfe8 15. Rc1 Nc5 16. b4 Nce4 17. Nxe4 Nxe4 18. Bxg7+ Kxg7 19. Qd4+ Kf8 20. Bxe4 1-0


[Site "https://www.chess.com"]

[Event "Titled Tuesday Blitz October 11 Early 2022"]
[White "Yuan, Qingyu"]
[Black "Shuvalov, Evgenij"]
[WhiteFideId "8609772"]
[BlackFideId "4187237"]
[WhiteElo "2359"]
[BlackElo "2049"]
[Result "1-0"]
[Round "10"]
[TimeControl "180+1"]
[Date "2022.10.12"]
[WhiteClock "0:00:57"]
[BlackClock "0:00:08"]

1. d4 Nf6 2. Bf4 d5 3. e3 e6 4. Nf3 c5 5. c3 Nc6 6. Nbd2 Bd6 7. Bd3 Bxf4 8. exf4 cxd4 9. cxd4 Qb6 10. Nb3 Bd7 11. O-O Nb4 12. Ne5 Nxd3 13. Qxd3 Bb5 14. Qg3 Nh5 15. Qh4 Nf6 16. Rfc1 O-O 17. Nc5 Rad8 18. Rc3 Ne4 19. Rh3 h6 20. Ng4 e5 21. fxe5 Nxc5 22. Nf6+ Kh8 23. Qg5 Bd3 24. Rxh6+ gxh6 25. Qxh6+ Bh7 26. Qxh7# 1-0


[Site "https://www.chess.com"]

[Event "Titled Tuesday Blitz October 11 Early 2022"]
[White "Zaloznyy, Mike"]
[Black "Pinheiro, Iung Alicio de O."]
[WhiteFideId "2023075"]
[BlackFideId "2104350"]
[WhiteElo "2126"]
[BlackElo "2283"]
[Result "0-1"]
[Round "10"]
[TimeControl "180+1"]
[Date "2022.10.12"]
[WhiteClock "0:00:02"]
[BlackClock "0:00:12"]

1. Nf3 d5 2. e3 Nf6 3. b3 Bf5 4. Bb2 e6 5. c4 h6 6. Nc3 c6 7. Be2 Be7 8. O-O O-O 9. a4 a5 10. Qc1 Na6 11. Ba3 Nb4 12. Na2 Nd3 13. Bxd3 Bxd3 14. Bxe7 Qxe7 15. Re1 e5 16. cxd5 Nxd5 17. e4 Nf4 18. Nc3 Rad8 19. Re3 Rd7 20. g3 Ng6 21. h4 Rfd8 22. Qa3 Qe6 23. Rae1 b6 24. Nd5 cxd5 25. Rxd3 dxe4 26. Rxd7 Rxd7 27. Rxe4 f5 28. Re3 e4 29. h5 Ne7 30. Qb2 Nd5 31. Nd4 Qf7 32. Re1 Nb4 33. Qc3 Qd5 34. Nb5 Qxd2 35. Qc8+ Kh7 36. Rc1 Nd3 37. Rc2 Qe1+ 38. Kg2 Qd1 39. Qe8 Ne1+ 40. Kh3 Qg4+ 41. Kh2 Nxc2 42. Qxd7 Ne1 43. Qd2 Nf3+ 44. Kg2 Nxd2 0-1


[Site "https://www.chess.com"]

[Event "Titled Tuesday Blitz October 11 Early 2022"]
[White "Zemlyanskii, Ivan"]
[Black "Aarav Dengla"]
[WhiteFideId "24249971"]
[BlackFideId "45059756"]
[WhiteElo "2107"]
[BlackElo "2257"]
[Result "1-0"]
[Round "10"]
[TimeControl "180+1"]
[Date "2022.10.12"]
[WhiteClock "0:00:24"]
[BlackClock "0:00:08"]

1. d4 d5 2. c4 c6 3. Nf3 Nf6 4. e3 e6 5. Bd3 Nbd7 6. O-O Bd6 7. Nbd2 O-O 8. e4 dxe4 9. Nxe4 Nxe4 10. Bxe4 Nf6 11. Bc2 c5 12. dxc5 Bxc5 13. Qe2 Qe7 14. Bg5 h6 15. Bh4 Bd7 16. Ne5 Rfd8 17. Ng4 Bd4 18. Qd3 Qc5 19. b4 Qb6 20. Rad1 Bc6 21. Nxf6+ Bxf6 22. Qh7+ Kf8 23. Bxf6 gxf6 24. b5 Be8 25. Qxh6+ Ke7 26. Qf4 Qc5 27. h4 Bd7 28. Bb3 Rh8 29. Rd3 Rad8 30. Rfd1 Bc8 31. Rxd8 Rxd8 32. Rxd8 Kxd8 33. Qxf6+ Ke8 34. Qg5 Qd6 35. h5 Qd1+ 36. Kh2 Qd6+ 37. f4 Qe7 38. h6 f6 39. Qg8+ Qf8 40. h7 Ke7 41. h8=Q 1-0


[Site "https://www.chess.com"]

[Event "Titled Tuesday Blitz October 11 Early 2022"]
[White "Zilleruelo Irizarry, Diego"]
[Black "Ardila, Oscar Humberto"]
[WhiteFideId "3101460"]
[BlackFideId "4404742"]
[WhiteElo "1998"]
[BlackElo "1898"]
[Result "0-1"]
[Round "10"]
[TimeControl "180+1"]
[Date "2022.10.12"]
[WhiteClock "0:00:12"]
[BlackClock "0:00:19"]

1. e4 e5 2. Nf3 Nf6 3. Nxe5 d6 4. Nf3 Nxe4 5. d4 Be7 6. c4 O-O 7. Bd3 Nf6 8. O-O Bg4 9. Nc3 Nc6 10. Be3 Re8 11. Be2 Qd7 12. d5 Ne5 13. Nxe5 dxe5 14. h3 Bf5 15. Qb3 b6 16. c5 Red8 17. c6 Qc8 18. Rad1 Ne4 19. Nb1 Nc5 20. Bxc5 Bxc5 21. Nc3 a5 22. a4 Bg6 23. Bd3 f5 24. Bb1 Re8 25. Ba2 Kh8 26. Nb5 Qd8 27. Qc3 Qf6 28. Nxc7 Bd4 29. Qc4 Qd6 30. Nxa8 Rxa8 31. Rfe1 Bc5 32. Qb5 e4 33. Bb1 Rc8 34. Kf1 h5 35. Re2 h4 36. Qb3 Qh2 37. Ree1 Bh5 38. f3 Qh1+ 39. Ke2 Qxg2# 0-1


[Site "https://www.chess.com"]

[Event "Titled Tuesday Blitz October 11 Early 2022"]
[White "Aaditya Dhingra"]
[Black "Malyi, Viacheslav"]
[WhiteFideId "25678191"]
[BlackFideId "14123983"]
[WhiteElo "2054"]
[BlackElo "2291"]
[Result "1-0"]
[Round "11"]
[TimeControl "180+1"]
[Date "2022.10.12"]
[WhiteClock "0:00:06"]
[BlackClock "0:00:09"]

1. e4 e5 2. Nc3 Nf6 3. g3 Bc5 4. Bg2 d6 5. Nge2 a6 6. O-O Ba7 7. d3 Nc6 8. Kh1 h5 9. Bg5 Be6 10. f4 Bg4 11. h3 Qd7 12. Bxf6 gxf6 13. Nd5 O-O-O 14. Nxf6 Qe6 15. Nxg4 hxg4 16. f5 Qh6 17. Nc3 Rdg8 18. Kh2 gxh3 19. Bf3 Nd4 20. Nd5 Kb8 21. c3 Nc6 22. Qc1 Qg7 23. g4 f6 24. b4 Rh4 25. Qd1 Ne7 26. Nxe7 Qxe7 27. Qe1 Rhh8 28. a4 Rg5 29. Rb1 Rhg8 30. Qe2 Qh7 31. a5 Qh4 32. b5 axb5 33. Rxb5 Rxg4 34. Bxg4 Rxg4 35. Kh1 Rg2 36. Qf3 Qg5 37. d4 exd4 38. e5 c6 39. Qxc6 Qg7 40. Qe8+ Kc7 41. exd6+ Kxd6 42. Qd8+ Qd7 43. Rd5+ Kxd5 44. Qxd7+ Kc4 45. Qxb7 Bc5 46. Qa6+ Kxc3 47. Qc6 Kc4 48. a6 d3 49. Qa4+ Bb4 50. Rc1+ Rc2 51. Rxc2+ dxc2 52. Qxc2+ Kb5 53. a7 Ka6 54. a8=Q+ 1-0


[Site "https://www.chess.com"]

[Event "Titled Tuesday Blitz October 11 Early 2022"]
[White "Aarav Dengla"]
[Black "Liu, Xiangyi"]
[WhiteFideId "45059756"]
[BlackFideId "8605718"]
[WhiteElo "2257"]
[BlackElo "2323"]
[Result "0-1"]
[Round "11"]
[TimeControl "180+1"]
[Date "2022.10.12"]
[WhiteClock "0:00:04"]
[BlackClock "0:00:28"]

1. e4 e6 2. d4 d5 3. exd5 exd5 4. Nf3 Bd6 5. c4 Nc6 6. Nc3 Nf6 7. c5 Be7 8. Bb5 O-O 9. Bxc6 bxc6 10. Ne5 Qe8 11. Qe2 a5 12. O-O Ba6 13. Nd3 Ne4 14. Nxe4 dxe4 15. Qxe4 Bf6 16. Qf3 Bxd4 17. Re1 Qd7 18. Ne5 Qd5 19. Qg3 Rfe8 20. Bf4 Rad8 21. Rad1 Qxc5 22. Nf3 Rxe1+ 23. Rxe1 Bxb2 24. Bxc7 Rc8 25. h4 Bc4 26. Be5 Bxe5 27. Rxe5 Qb4 28. h5 Bxa2 29. h6 g6 30. Qg5 a4 31. Qf6 Qf8 32. Ng5 Qxh6 33. Re3 Qg7 34. Qe7 Bb3 35. Qb4 h6 36. Ne4 Kh7 37. Nd6 Rc7 38. Ne8 Qa1+ 39. Re1 Rb7 40. Qd2 Qh8 41. Qf4 Be6 42. Nf6+ Kg7 43. Qe5 Qb8 44. Ne8+ Kf8 45. Qh8+ Ke7 46. Qxh6 Kxe8 47. Qh8+ Kd7 48. Qd4+ Qd6 49. Qxa4 Rb5 50. Qa7+ Qc7 51. Qe3 Rd5 52. Rc1 Qd6 53. Qf3 c5 54. Qe3 Ke7 55. Qg3 Qxg3 56. fxg3 Kd6 57. Kh2 Rd2 58. g4 Bd5 59. Kg3 Rxg2+ 60. Kf4 Rf2+ 61. Kg5 Ke5 62. Kh6 c4 63. g5 Be4 64. Kg7 Bd3 65. Re1+ Kd4 66. Re8 Rf5 67. Rd8+ Kc3 68. Kh6 Kc2 69. Rc8 c3 70. Rc7 Rf2 71. Kg7 Kd2 72. Rd7 c2 73. Rc7 c1=Q 74. Rxc1 Kxc1 75. Kh7 Kd2 76. Kg7 Rf5 77. Kh6 Ke3 78. Kg7 Kf3 79. Kh6 Kg3 80. Kg7 Kg4 81. Kh6 Bc4 82. Kg7 Rxg5 83. Kg8 f5+ 84. Kg7 f4 85. Kh6 f3 86. Kg7 f2 87. Kh8 Ra5 88. Kh7 g5 89. Kg7 Ra6 90. Kh7 Be2 91. Kh8 f1=Q 92. Kg7 Qb1 93. Kg8 Qb7 0-1


[Site "https://www.chess.com"]

[Event "Titled Tuesday Blitz October 11 Early 2022"]
[White "Agasarov, Benik"]
[Black "Mrudul Dehankar"]
[WhiteFideId "13314823"]
[BlackFideId "25096990"]
[WhiteElo "2152"]
[BlackElo "2068"]
[Result "1-0"]
[Round "11"]
[TimeControl "180+1"]
[Date "2022.10.12"]
[WhiteClock "0:02:09"]
[BlackClock "0:01:31"]

1. e4 c5 2. Nf3 d6 3. d4 cxd4 4. Nxd4 Nf6 5. Nc3 a6 6. h4 b5 7. Nd5 Nxe4 8. Qf3 Nc5 9. b4 Bb7 10. bxc5 dxc5 11. Nf6+ gxf6 12. Qxb7 Qxd4 13. Qxa8 Qxa1 14. Qxb8+ Kd7 15. Qb7+ Ke8 16. Qc8# 1-0


[Site "https://www.chess.com"]

[Event "Titled Tuesday Blitz October 11 Early 2022"]
[White "Aguilar, Juan"]
[Black "Broca Jimenez, Fernando"]
[WhiteFideId "3800091"]
[BlackFideId "5104742"]
[WhiteElo "2384"]
[BlackElo "2062"]
[Result "0-1"]
[Round "11"]
[TimeControl "180+1"]
[Date "2022.10.12"]
[WhiteClock "0:00:01"]
[BlackClock "0:00:07"]

1. d4 Nf6 2. c4 g6 3. Nc3 Bg7 4. e4 d6 5. Nf3 O-O 6. Be2 Nbd7 7. O-O e5 8. Re1 c6 9. Bf1 Qc7 10. d5 c5 11. a3 a6 12. b4 b6 13. h3 h6 14. Be3 g5 15. Nh2 Re8 16. Bd3 Nf8 17. Ng4 Ng6 18. Nxf6+ Bxf6 19. Rc1 Kh7 20. Bf1 Nf4 21. Kh2 Rg8 22. g3 Ng6 23. bxc5 bxc5 24. Rb1 Bd7 25. Be2 Rab8 26. Bg4 Rxb1 27. Nxb1 Bxg4 28. hxg4 Rb8 29. Qf3 Kg7 30. Bd2 Rb2 31. Bc3 Rb3 32. Qd1 Qb7 33. Qc2 Bd8 34. Nd2 Rxa3 35. Nf1 Qb3 36. Qxb3 Rxb3 37. Rc1 a5 38. Ne3 Ne7 39. Kg2 a4 40. Kf3 a3 41. Rc2 Kf6 42. Ke2 Bb6 43. f4 gxf4 44. gxf4 Ng6 45. fxe5+ Nxe5 46. Nf5 Kg5 47. Nxd6 Kf4 48. Bxe5+ Kxe5 49. Nxf7+ Kxe4 50. Nxh6 Rb2 51. Kd2 a2 52. Rxb2 a1=Q 0-1


[Site "https://www.chess.com"]

[Event "Titled Tuesday Blitz October 11 Early 2022"]
[White "Aizpurua, Patrick Emilio"]
[Black "Jaskolka, Tomasz"]
[WhiteFideId "6600522"]
[BlackFideId "1170791"]
[WhiteElo "2378"]
[BlackElo "2126"]
[Result "1/2-1/2"]
[Round "11"]
[TimeControl "180+1"]
[Date "2022.10.12"]
[WhiteClock "0:00:12"]
[BlackClock "0:00:05"]

1. d4 e6 2. c4 f5 3. Nc3 Nf6 4. g3 Be7 5. Bg2 O-O 6. b3 d6 7. e3 c6 8. Nf3 Ne4 9. Bb2 Nd7 10. O-O Ndf6 11. Ne2 Qe8 12. Ne1 d5 13. f3 Nd6 14. Rc1 Bd7 15. Nd3 Nf7 16. Ne5 g6 17. Nxf7 Rxf7 18. Nf4 Bd6 19. Nd3 Qe7 20. Ne5 Rff8 21. Kh1 b5 22. a4 bxa4 23. bxa4 Rfb8 24. Ba1 Rb4 25. a5 Rab8 26. Qc2 Ne8 27. Qa2 Bxe5 28. dxe5 Nc7 29. e4 dxc4 30. Rxc4 Rxc4 31. Qxc4 Qb4 32. Qd3 Be8 33. exf5 gxf5 34. Qe3 Nd5 35. Qg5+ Bg6 36. h4 Qe7 37. Bd4 Qxg5 38. hxg5 a6 39. f4 Rb4 40. Bf2 Rb5 41. Be1 Ne3 42. Rf3 Ng4 43. Rc3 Rb1 44. Bxc6 Rxe1+ 45. Kg2 Re2+ 46. Kf1 Re3 47. Rc5 Rxg3 48. Bb7 Ra3 49. Bxa6 Ne3+ 50. Kg1 Nd5 51. Bb7 Nxf4 52. a6 Ra1+ 53. Kh2 Bh5 54. Kg3 Nd3 55. Rc7 Nxe5 56. Bc8 Bf3 57. Bxe6+ Kf8 58. Kf4 Ra5 59. a7 Be4 60. Bxf5 Bxf5 61. Kxf5 Nc6+ 62. Kf6 Nxa7 63. Rxh7 Ra6+ 64. Kf5 Nc6 65. Rc7 Ne7+ 66. Kg4 Ra4+ 67. Kg3 Kf7 68. Rd7 Ke6 69. Rb7 Nf5+ 70. Kf2 Ra3 71. g6 Kf6 72. Rb6+ Kg7 73. Ke2 Nd4+ 74. Kf2 Nf5 75. Ke2 Ne7 76. Kd2 Ra2+ 77. Kc3 Ra5 78. Kb4 Rg5 79. Kc4 Nxg6 80. Kd4 Ne7 81. Ke4 Kf7 82. Kf4 Ra5 83. Kf3 Ra3+ 84. Ke2 Nd5 85. Rd6 Nf6 86. Rd3 Ra4 87. Kf3 Kg6 88. Rd6 Kf5 89. Rb6 Ra3+ 90. Kf2 Ra2+ 91. Kf3 Ra3+ 92. Kg2 Ne4 93. Rb8 Kg4 94. Rg8+ Ng5 95. Rf8 Ra2+ 96. Rf2 Ra3 97. Rb2 Ne4 98. Re2 Rg3+ 99. Kh2 Ng5 100. Rg2 Nf3+ 101. Kh1 Kh3 102. Rxg3+ Kxg3 1/2-1/2


[Site "https://www.chess.com"]

[Event "Titled Tuesday Blitz October 11 Early 2022"]
[White "Aldokhin, Ivan"]
[Black "Hambleton, Aman"]
[WhiteFideId "24115720"]
[BlackFideId "2606577"]
[WhiteElo "2313"]
[BlackElo "2538"]
[Result "1-0"]
[Round "11"]
[TimeControl "180+1"]
[Date "2022.10.11"]
[WhiteClock "0:00:57"]
[BlackClock "0:00:01"]

1. e4 c5 2. Nf3 e6 3. d4 cxd4 4. Nxd4 Nc6 5. Nc3 Qc7 6. Nxc6 bxc6 7. Bd3 d5 8. Qe2 Nf6 9. Bg5 Be7 10. e5 Nd7 11. Bxe7 Kxe7 12. f4 Qb6 13. O-O-O Rb8 14. b3 Qd4 15. Qd2 Nc5 16. Kb1 Nxd3 17. cxd3 Ba6 18. f5 exf5 19. Ne2 Qg4 20. h3 Qh4 21. g3 Qh6 22. Nf4 Rhc8 23. Qa5 Rb6 24. Qc5+ Ke8 25. e6 g5 26. Qd6 Rb7 27. exf7+ Kxf7 28. Qxh6 gxf4 29. gxf4 Rg8 30. Rhg1 Rxg1 31. Rxg1 1-0


[Site "https://www.chess.com"]

[Event "Titled Tuesday Blitz October 11 Early 2022"]
[White "Andreev, Konstantin"]
[Black "Silvestre, Christian"]
[WhiteFideId "24239305"]
[BlackFideId "30956269"]
[WhiteElo "2106"]
[BlackElo "2344"]
[Result "1-0"]
[Round "11"]
[TimeControl "180+1"]
[Date "2022.10.12"]
[WhiteClock "0:02:13"]
[BlackClock "0:02:07"]

1. e4 c6 2. d4 d5 3. e5 a6 4. Nf3 Bg4 5. Be2 e6 6. O-O c5 7. c4 dxc4 8. dxc5 Qxd1 9. Rxd1 Bxc5 10. Bxc4 Bxf3 11. gxf3 Nc6 12. f4 Nge7 13. Be3 Ba7 14. Nc3 Nf5 15. Bxa7 Rxa7 16. Ne4 Ke7 17. Rd2 Raa8 18. Rad1 Rad8 19. Nc5 Na5 20. Bd3 Nd4 21. Kg2 Rd5 22. b4 Nac6 23. Be4 Rdd8 24. Nxb7 Rb8 25. Bxc6 Nxc6 26. Rd7+ Kf8 27. R1d6 1-0


[Site "https://www.chess.com"]

[Event "Titled Tuesday Blitz October 11 Early 2022"]
[White "Andreikin, Dmitry"]
[Black "Papasimakopoulos, Alexandros"]
[WhiteFideId "4158814"]
[BlackFideId "4244125"]
[WhiteElo "2736"]
[BlackElo "2357"]
[Result "1/2-1/2"]
[Round "11"]
[TimeControl "180+1"]
[Date "2022.10.11"]
[WhiteClock "0:00:05"]
[BlackClock "0:00:20"]

1. Nf3 Nf6 2. g3 b6 3. Bg2 Bb7 4. d4 e6 5. O-O c5 6. c4 cxd4 7. Qxd4 Be7 8. Nc3 O-O 9. Rd1 d6 10. b3 a6 11. Ba3 d5 12. Bxe7 Qxe7 13. Qxb6 dxc4 14. bxc4 Ne4 15. Nxe4 Bxe4 16. Ne5 Bxg2 17. Kxg2 f6 18. Nf3 Ra7 19. Rab1 e5 20. Rd5 Rc7 21. Nd2 Rfc8 22. Ne4 Nd7 23. Qxa6 Nc5 24. Nxc5 Rxc5 25. Rb7 R5c7 26. Rxc7 Rxc7 27. Qb5 Kf7 28. c5 Qe6 29. e4 Qc6 30. Qb6 Kg6 31. h4 h5 32. Kh2 Rc8 33. Qxc6 Rxc6 34. Kg2 Kf7 35. Rd7+ Kf8 36. Rd5 Ke7 37. f4 exf4 38. gxf4 Ra6 39. Rd2 Ra3 40. Rc2 Kd7 41. c6+ Kc7 42. e5 fxe5 43. fxe5 Re3 44. Rc5 Re2+ 45. Kf3 Rxa2 46. e6 Ra8 47. Kf4 Kd6 48. Re5 Kxc6 49. Kg5 Kd6 50. Re1 Ke7 51. Kxh5 Ra4 52. Kg5 Rd4 53. h5 Rd2 54. Re4 Rg2+ 55. Kf5 Rh2 56. Kg6 Rg2+ 57. Kh7 Rg5 58. Rh4 Kxe6 59. Rh1 Kf7 60. Rf1+ Ke7 61. Rh1 Kf7 62. Rf1+ Ke6 63. Rh1 Kf6 64. h6 gxh6 65. Rxh6+ Kf7 66. Rh1 Rf5 67. Kh6 Kf6 68. Ra1 Re5 69. Ra6+ Re6 70. Rxe6+ Kxe6 1/2-1/2


[Site "https://www.chess.com"]

[Event "Titled Tuesday Blitz October 11 Early 2022"]
[White "Ardila, Oscar Humberto"]
[Black "Rodriguez Santiago, Jaime"]
[WhiteFideId "4404742"]
[BlackFideId "3100898"]
[WhiteElo "1898"]
[BlackElo "2025"]
[Result "1-0"]
[Round "11"]
[TimeControl "180+1"]
[Date "2022.10.12"]
[WhiteClock "0:00:05"]
[BlackClock "0:00:14"]

1. d4 d5 2. c4 c6 3. Nc3 Nf6 4. Nf3 e6 5. Bg5 Nbd7 6. e3 Qa5 7. Bxf6 Nxf6 8. Qc2 Bb4 9. Nd2 O-O 10. Bd3 dxc4 11. Bxc4 Re8 12. O-O b5 13. Be2 Bb7 14. Bf3 a6 15. Nb3 Qd8 16. a3 Bf8 17. Ne4 Nxe4 18. Bxe4 g6 19. Rac1 Rc8 20. Nc5 Bxc5 21. Qxc5 Qf6 22. Qb6 Re7 23. Bf3 e5 24. Rfd1 exd4 25. Rxd4 Kg7 26. Rc5 h6 27. h3 Rec7 28. b4 Qe7 29. Rc1 c5 30. bxc5 Bxf3 31. gxf3 Rxc5 32. Rxc5 Rxc5 33. Qxa6 Rc1+ 34. Kg2 Qg5+ 35. Rg4 Qd5 36. Qb6 Rd1 37. a4 bxa4 38. Rxa4 Qa2 39. Rd4 Rxd4 40. Qxd4+ Kh7 41. Qf6 Qb3 42. h4 h5 43. Kg3 Qc4 44. e4 Qa2 45. f4 Qb3+ 46. f3 Qc4 47. f5 gxf5 48. Qxf5+ Kh6 49. Qg5+ Kh7 50. Qxh5+ Kg7 51. Qg5+ Kh7 52. Qf5+ Kg7 53. Qe5+ Kh7 54. h5 Qf1 55. Qf5+ Kg7 56. Kf4 Qc1+ 57. Kg4 Qg1+ 58. Kh3 Qh1+ 59. Kg3 Qg1+ 60. Kf4 Qh2+ 61. Ke3 Qg1+ 62. Ke2 Qg2+ 63. Kd3 Qf1+ 64. Kd4 Qa1+ 65. Kd5 Qa5+ 66. Kd6 Qb6+ 67. Ke5 Qc5+ 68. Kf4 Qc1+ 69. Ke5 Qa1+ 70. Kd6 Qa6+ 71. Ke7 Qb7+ 72. Qd7 Qb4+ 73. Ke8 Qb8+ 74. Qd8 Qe5+ 75. Qe7 Qb8+ 76. Kd7 Qb5+ 77. Kc8 Qc6+ 78. Qc7 Qe8+ 79. Kb7 Qb5+ 80. Qb6 Qd7+ 81. Ka6 Qa4+ 82. Qa5 Qc6+ 83. Qb6 Qc4+ 84. Ka7 Qa2+ 85. Kb7 Qf2 86. Qxf2 Kh6 87. Qg3 Kxh5 88. Qf4 f6 89. Qf5+ 1-0


[Site "https://www.chess.com"]

[Event "Titled Tuesday Blitz October 11 Early 2022"]
[White "Azarov, Sergei"]
[Black "Araujo Sanchez, Josue"]
[WhiteFideId "13501470"]
[BlackFideId "6416896"]
[WhiteElo "2494"]
[BlackElo "2370"]
[Result "1-0"]
[Round "11"]
[TimeControl "180+1"]
[Date "2022.10.11"]
[WhiteClock "0:00:27"]
[BlackClock "0:01:07"]

1. e4 c5 2. Nf3 d6 3. d4 cxd4 4. Nxd4 Nf6 5. Nc3 a6 6. Bg5 e6 7. f4 b5 8. e5 dxe5 9. fxe5 Qc7 10. exf6 Qe5+ 11. Be2 Qxg5 12. Ne4 Qe5 13. Qd3 Ra7 14. O-O Rd7 15. c3 Bb7 16. Bf3 Nc6 17. Rad1 Nxd4 18. cxd4 Qc7 19. Qe3 Rd8 20. Kh1 Bxe4 21. Bxe4 gxf6 22. Rc1 Qd6 23. Bc6+ Ke7 24. d5 f5 25. Rxf5 Rg8 26. Qa7+ 1-0


[Site "https://www.chess.com"]

[Event "Titled Tuesday Blitz October 11 Early 2022"]
[White "Begunov, Konstantin"]
[Black "Ciuffoletti, Paolo"]
[WhiteFideId "4118510"]
[BlackFideId "807630"]
[WhiteElo "2225"]
[BlackElo "2143"]
[Result "0-1"]
[Round "11"]
[TimeControl "180+1"]
[Date "2022.10.12"]
[WhiteClock "0:00:08"]
[BlackClock "0:00:22"]

1. d4 d5 2. c4 c6 3. Nc3 Nf6 4. Nf3 dxc4 5. a4 e6 6. e4 Bb4 7. e5 Nd5 8. Bd2 Bxc3 9. bxc3 b5 10. Ng5 O-O 11. Qb1 f5 12. exf6 Nxf6 13. axb5 h6 14. Nf3 cxb5 15. Qxb5 Qd5 16. Bxc4 Qe4+ 17. Kf1 Bd7 18. Qe5 Qc6 19. Bb3 Nd5 20. c4 Nb6 21. d5 exd5 22. cxd5 Qb5+ 23. Kg1 Qxb3 24. Bc3 Rf7 25. h4 Qxd5 26. Qc7 Nc6 27. Rh3 Bxh3 28. Ne5 Qxg2# 0-1


[Site "https://www.chess.com"]

[Event "Titled Tuesday Blitz October 11 Early 2022"]
[White "Buscar, Michael"]
[Black "Gulevich, Artem"]
[WhiteFideId "2603616"]
[BlackFideId "24119580"]
[WhiteElo "2010"]
[BlackElo "2218"]
[Result "0-1"]
[Round "11"]
[TimeControl "180+1"]
[Date "2022.10.12"]
[WhiteClock "0:00:28"]
[BlackClock "0:01:15"]

1. Nf3 Nf6 2. g3 b6 3. Bg2 Bb7 4. O-O e6 5. c4 Be7 6. d4 d5 7. b3 O-O 8. Nbd2 Nbd7 9. Bb2 c6 10. Ne5 Rc8 11. e4 Nxe5 12. dxe5 Nxe4 13. Nxe4 dxe4 14. Bxe4 Qc7 15. Qf3 Rb8 16. Bc2 c5 17. Qd3 g6 18. h4 Qc6 19. f3 Rbd8 20. Qe2 Rd7 21. Rad1 Rfd8 22. Rxd7 Rxd7 23. h5 Qc7 24. Bc1 Qd8 25. Kf2 Bg5 26. f4 Bh6 27. hxg6 hxg6 28. Rd1 Qc7 29. Rd2 Rxd2 30. Qxd2 Qc6 31. Qc3 Qg2+ 32. Ke1 Qg1+ 33. Kd2 Qf2+ 34. Kd3 Qxg3+ 35. Kd2 Bxf4+ 0-1


[Site "https://www.chess.com"]